[ AOE2 MATCH · #505992768 ]
UnrankedArmenians vs Tupi
Player's team · WIN
Rival team · LOSS
[ REPLAY ANALYSIS · EXTRACTED FROM THE RECORDED GAME ]
Feudal
12:26
Castle
25:50
Imperial
39:24
| APM avg | 63.9 |
| APM peak | 114 |
| eAPM avg | 37.1 |
| Villagers / military | 124 / 100 |
Focus
⚔️ 54.4% · 🌾 45.6%
Composite Bowman ×39 · Militia ×32 · Skirmisher ×19 · Monk ×6 · Trebuchet (Packed) ×3 · Mangonel ×1
Feudal
8:51
Castle
25:26
Imperial
—
| APM avg | 52.6 |
| APM peak | 95 |
| eAPM avg | 25.8 |
| Villagers / military | 99 / 39 |
Focus
⚔️ 35.6% · 🌾 64.4%
Unknown (2550) ×38 · Unknown (2582) ×28 · Archer ×14 · Petard ×8 · Monk ×7 · Mangonel ×5
Match map
Initial resources + every placement click. Lines = walls · curves = elevation contours. ◆ gold · ⬟ stone · ● berries · ✦ relic · ◌ wall gap
Your base· ✓ Closed at 25:50 · 56t walls · no gate
MelkorAJ's base· Open — opponent sealed themselves in
Smoothed initial terrain · ◌ = detected wall gap · hover for details
Inputs per minute
— Clearlove - - MelkorAJ
Build order — Clearlove
First 150 of 366 actions detected
| 0:01 | Create | Villager (Male) |
| 0:02 | Build | House |
| 0:03 | Build | House |
| 0:12 | Create | Villager (Male) |
| 0:13 | Create | Villager (Male) |
| 0:17 | Create | Villager (Male) |
| 1:27 | Create | Villager (Male) |
| 1:58 | Create | Villager (Male) |
| 2:11 | Build | Mule Cart |
| 2:14 | Create | Villager (Male) |
| 2:48 | Create | Villager (Male) |
| 3:18 | Create | Villager (Male) |
| 3:22 | Create | Villager (Male) |
| 3:22 | Create | Villager (Male) |
| 4:00 | Build | House |
| 4:08 | Create | Villager (Male) |
| 4:22 | Create | Villager (Male) |
| 4:35 | Create | Villager (Male) |
| 4:44 | Build | House |
| 5:17 | Build | Barracks |
| 5:19 | Build | Palisade Wall |
| 5:26 | Create | Villager (Male) |
| 5:45 | Create | Villager (Male) |
| 6:15 | Create | Villager (Male) |
| 6:18 | Create | Militia |
| 6:25 | Build | Mill |
| 6:28 | Create | Villager (Male) |
| 6:39 | Create | Militia |
| 6:55 | Build | Mule Cart |
| 6:58 | Create | Militia |
| 7:00 | Create | Villager (Male) |
| 7:31 | Create | Villager (Male) |
| 7:35 | Research | Loom |
| 7:35 | Research | Loom |
| 7:37 | Build | House |
| 8:00 | Create | Villager (Male) |
| 8:34 | Create | Villager (Male) |
| 8:42 | Build | Mill |
| 8:45 | Create | Villager (Male) |
| 8:49 | Build | House |
| 9:04 | Create | Villager (Male) |
| 9:06 | Build | Farm |
| 9:09 | Build | Farm |
| 9:18 | Build | House |
| 9:30 | Build | Palisade Wall |
| 9:42 | Create | Villager (Male) |
| 9:55 | Build | Farm |
| 10:16 | Research | Feudal Age |
| 10:21 | Build | House |
| 10:39 | Create | Militia |
| 10:43 | Build | House |
| 10:55 | Build | Palisade Wall |
| 10:58 | Create | Villager (Male) |
| 11:01 | Build | Farm |
| 11:10 | Create | Villager (Male) |
| 11:16 | Build | Farm |
| 11:19 | Build | Farm |
| 11:24 | Create | Militia |
| 11:30 | Build | House |
| 11:59 | Build | Palisade Wall |
| 12:26 | Age | Feudal Age |
| 12:30 | Build | Archery Range |
| 12:35 | Research | Man-at-Arms (upgrade) |
| 12:38 | Research | Double-Bit Axe |
| 12:45 | Create | Villager (Male) |
| 12:50 | Build | House |
| 13:12 | Build | Farm |
| 13:14 | Create | Skirmisher |
| 13:15 | Create | Villager (Male) |
| 13:25 | Research | Long Swordsman (upgrade) |
| 13:25 | Research | Long Swordsman (upgrade) |
| 13:31 | Create | Villager (Male) |
| 13:35 | Create | Skirmisher |
| 13:39 | Create | Villager (Male) |
| 13:41 | Create | Villager (Male) |
| 13:47 | Create | Skirmisher |
| 13:59 | Create | Villager (Male) |
| 14:11 | Build | Farm |
| 14:16 | Create | Villager (Male) |
| 14:23 | Create | Skirmisher |
| 14:41 | Create | Villager (Male) |
| 14:42 | Build | Mule Cart |
| 14:45 | Create | Militia |
| 14:56 | Build | Palisade Wall |
| 15:02 | Build | Palisade Wall |
| 15:04 | Build | Palisade Wall |
| 15:04 | Create | Villager (Male) |
| 15:11 | Build | Farm |
| 15:17 | Create | Skirmisher |
| 15:42 | Create | Villager (Male) |
| 15:46 | Build | Farm |
| 15:46 | Create | Villager (Male) |
| 15:48 | Build | House |
| 15:50 | Create | Villager (Male) |
| 15:52 | Build | Palisade Wall |
| 15:54 | Create | Skirmisher |
| 16:03 | Create | Militia |
| 16:13 | Create | Villager (Male) |
| 16:21 | Build | Blacksmith |
| 16:25 | Create | Militia |
| 16:27 | Create | Skirmisher |
| 16:32 | Build | Palisade Wall |
| 16:32 | Build | Palisade Wall |
| 16:33 | Build | Palisade Wall |
| 16:42 | Build | Farm |
| 16:47 | Build | House |
| 16:52 | Create | Militia |
| 16:54 | Create | Skirmisher |
| 16:56 | Create | Villager (Male) |
| 17:11 | Create | Skirmisher |
| 17:15 | Research | Fletching |
| 17:16 | Research | Fletching |
| 17:17 | Build | Farm |
| 17:18 | Create | Villager (Male) |
| 17:21 | Build | Farm |
| 17:29 | Create | Skirmisher |
| 17:32 | Create | Villager (Male) |
| 17:36 | Build | Farm |
| 17:43 | Research | Horse Collar |
| 17:52 | Create | Skirmisher |
| 18:01 | Create | Villager (Male) |
| 18:04 | Build | Farm |
| 18:08 | Create | Militia |
| 18:19 | Research | Scale Mail Armor |
| 18:26 | Create | Skirmisher |
| 18:54 | Create | Villager (Male) |
| 19:07 | Create | Villager (Male) |
| 19:12 | Create | Militia |
| 19:13 | Create | Militia |
| 19:17 | Create | Villager (Male) |
| 19:19 | Build | Farm |
| 19:20 | Build | Farm |
| 19:20 | Build | Farm |
| 19:21 | Build | Farm |
| 19:21 | Build | Farm |
| 19:21 | Build | Farm |
| 19:23 | Build | Farm |
| 19:24 | Build | Farm |
| 19:34 | Create | Skirmisher |
| 19:43 | Create | Villager (Male) |
| 19:45 | Build | Farm |
| 19:49 | Build | Farm |
| 19:49 | Create | Villager (Male) |
| 20:01 | Create | Militia |
| 20:13 | Create | Skirmisher |
| 20:15 | Create | Villager (Male) |
| 20:20 | Build | Farm |
| 20:21 | Build | Farm |
| 20:50 | Create | Villager (Male) |
| 20:52 | Create | Militia |
Build order — MelkorAJ
First 150 of 353 actions detected
| 0:01 | Create | Villager (Male) |
| 0:02 | Build | House |
| 0:03 | Build | House |
| 0:13 | Create | Villager (Male) |
| 0:13 | Create | Villager (Male) |
| 0:14 | Create | Villager (Male) |
| 1:11 | Create | Villager (Male) |
| 1:28 | Build | Settlement |
| 1:37 | Create | Villager (Male) |
| 2:09 | Create | Villager (Male) |
| 2:55 | Create | Villager (Male) |
| 3:20 | Create | Villager (Male) |
| 3:38 | Create | Villager (Male) |
| 3:38 | Create | Villager (Male) |
| 4:01 | Create | Villager (Male) |
| 4:21 | Create | Villager (Male) |
| 5:21 | Build | Settlement |
| 5:25 | Create | Villager (Male) |
| 5:51 | Create | Villager (Male) |
| 5:51 | Research | Loom |
| 6:40 | Research | Feudal Age |
| 6:40 | Research | Feudal Age |
| 7:31 | Build | Palisade Wall |
| 7:52 | Build | Barracks |
| 8:09 | Create | Villager (Male) |
| 8:15 | Build | Palisade Wall |
| 8:29 | Create | Villager (Male) |
| 8:48 | Build | Palisade Wall |
| 8:51 | Age | Feudal Age |
| 9:02 | Build | Archery Range |
| 9:08 | Research | Double-Bit Axe |
| 9:09 | Research | Double-Bit Axe |
| 9:13 | Create | Villager (Male) |
| 9:18 | Create | Villager (Male) |
| 9:38 | Build | Palisade Wall |
| 9:39 | Build | Palisade Wall |
| 9:39 | Build | Palisade Wall |
| 9:50 | Create | Archer |
| 10:12 | Create | Villager (Male) |
| 10:34 | Build | House |
| 10:41 | Build | House |
| 10:44 | Build | House |
| 10:46 | Build | Palisade Wall |
| 10:50 | Create | Villager (Male) |
| 10:52 | Create | Archer |
| 11:07 | Build | Farm |
| 11:09 | Build | House |
| 11:22 | Build | Blacksmith |
| 11:34 | Create | Villager (Male) |
| 11:44 | Build | House |
| 11:52 | Create | Archer |
| 11:56 | Create | Villager (Male) |
| 12:05 | Research | Fletching |
| 12:21 | Create | Villager (Male) |
| 12:23 | Build | House |
| 12:26 | Create | Archer |
| 12:34 | Build | Farm |
| 12:35 | Build | Farm |
| 12:40 | Build | Palisade Wall |
| 12:45 | Create | Villager (Male) |
| 13:00 | Create | Villager (Male) |
| 13:09 | Create | Archer |
| 13:13 | Build | House |
| 13:20 | Create | Villager (Male) |
| 13:33 | Build | Farm |
| 13:35 | Build | Farm |
| 13:36 | Build | Farm |
| 13:37 | Build | Farm |
| 13:41 | Create | Villager (Male) |
| 13:50 | Create | Archer |
| 14:10 | Create | Villager (Male) |
| 14:25 | Create | Villager (Male) |
| 14:27 | Create | Archer |
| 14:32 | Create | Unit 2550 |
| 14:49 | Research | Scale Mail Armor |
| 14:53 | Create | Archer |
| 15:08 | Research | Tech 1402 |
| 15:21 | Create | Villager (Male) |
| 15:25 | Build | Barracks |
| 15:45 | Create | Villager (Male) |
| 15:45 | Create | Archer |
| 15:47 | Create | Unit 2550 |
| 16:00 | Build | Settlement |
| 16:08 | Create | Unit 2550 |
| 16:10 | Create | Archer |
| 16:10 | Create | Villager (Male) |
| 16:21 | Build | Farm |
| 16:30 | Research | Forging |
| 16:31 | Create | Villager (Male) |
| 16:37 | Create | Unit 2550 |
| 16:45 | Build | Farm |
| 16:49 | Build | Farm |
| 16:55 | Create | Archer |
| 16:56 | Create | Villager (Male) |
| 17:07 | Create | Unit 2550 |
| 17:07 | Create | Unit 2550 |
| 17:20 | Create | Villager (Male) |
| 17:21 | Create | Archer |
| 17:25 | Build | Farm |
| 17:29 | Build | Farm |
| 17:31 | Build | Farm |
| 17:40 | Create | Unit 2550 |
| 17:43 | Create | Unit 2550 |
| 17:50 | Build | Settlement |
| 18:07 | Build | Farm |
| 18:08 | Create | Villager (Male) |
| 18:16 | Build | House |
| 18:18 | Build | Palisade Wall |
| 18:29 | Create | Villager (Male) |
| 18:51 | Create | Unit 2550 |
| 18:52 | Create | Unit 2550 |
| 18:53 | Create | Archer |
| 19:12 | Create | Villager (Male) |
| 19:12 | Create | Villager (Male) |
| 19:13 | Build | Farm |
| 19:29 | Build | Settlement |
| 19:34 | Create | Unit 2550 |
| 19:34 | Create | Unit 2550 |
| 19:42 | Create | Archer |
| 19:44 | Create | Villager (Male) |
| 20:01 | Build | Settlement |
| 20:02 | Build | Farm |
| 20:16 | Build | House |
| 20:23 | Build | Watch Tower |
| 20:27 | Build | Palisade Wall |
| 20:28 | Build | Palisade Wall |
| 20:36 | Create | Unit 2550 |
| 20:36 | Create | Unit 2550 |
| 20:36 | Create | Villager (Male) |
| 20:37 | Create | Villager (Male) |
| 20:48 | Create | Villager (Male) |
| 20:48 | Create | Villager (Male) |
| 21:07 | Create | Villager (Male) |
| 21:21 | Build | Stone Wall |
| 21:32 | Build | Farm |
| 21:37 | Build | Market |
| 22:03 | Build | Farm |
| 22:04 | Build | Farm |
| 22:04 | Build | Farm |
| 22:04 | Build | Farm |
| 22:04 | Build | Farm |
| 22:04 | Build | Farm |
| 22:17 | Build | Farm |
| 22:25 | Build | Farm |
| 22:27 | Build | Farm |
| 22:30 | Build | Farm |
| 22:31 | Build | Farm |
| 22:40 | Build | Farm |
| 22:46 | Research | Castle Age |
| 22:46 | Research | Castle Age |
Match timeline
| 5:17 | Clearlove · first_building Barracks |
| 5:19 | Clearlove · wall_segment Palisade Wall x1 |
| 7:31 | MelkorAJ · wall_segment Palisade Wall x17 |
| 7:52 | MelkorAJ · first_building Barracks |
| 8:15 | MelkorAJ · wall_segment Palisade Wall x1 |
| 8:48 | MelkorAJ · wall_segment Palisade Wall x4 |
| 8:51 | MelkorAJ · age_up feudal |
| 9:02 | MelkorAJ · first_building Archery Range |
| 9:30 | Clearlove · wall_segment Palisade Wall x7 |
| 9:38 | MelkorAJ · wall_segment Palisade Wall x1 |
| 9:39 | MelkorAJ · wall_segment Palisade Wall x2 |
| 9:39 | MelkorAJ · wall_segment Palisade Wall x1 |
| 10:46 | MelkorAJ · wall_segment Palisade Wall x2 |
| 10:55 | Clearlove · wall_segment Palisade Wall x15 |
| 11:59 | Clearlove · wall_segment Palisade Wall x6 |
| 12:26 | Clearlove · age_up feudal |
| 12:30 | Clearlove · first_building Archery Range |
| 12:40 | MelkorAJ · wall_segment Palisade Wall x1 |
| 14:56 | Clearlove · wall_segment Palisade Wall x1 |
| 15:02 | Clearlove · wall_segment Palisade Wall x2 |
| 15:04 | Clearlove · wall_segment Palisade Wall x3 |
| 15:52 | Clearlove · wall_segment Palisade Wall x1 |
| 16:32 | Clearlove · wall_segment Palisade Wall x1 |
| 16:32 | Clearlove · wall_segment Palisade Wall x1 |
| 16:33 | Clearlove · wall_segment Palisade Wall x1 |
| 18:18 | MelkorAJ · wall_segment Palisade Wall x1 |
| 20:27 | MelkorAJ · wall_segment Palisade Wall x1 |
| 20:28 | MelkorAJ · wall_segment Palisade Wall x1 |
| 21:21 | MelkorAJ · wall_segment Stone Wall x8 |
| 22:35 | MelkorAJ · first_market_sell 100 wood |
| 22:36 | MelkorAJ · first_market_buy 100 food |
| 23:31 | Clearlove · wall_segment Stone Wall x5 |
| 23:56 | Clearlove · wall_segment Stone Wall x12 |
| 25:02 | Clearlove · wall_segment Stone Wall x1 |
| 25:26 | MelkorAJ · age_up castle |
| 25:26 | MelkorAJ · wall_segment Stone Wall x1 |
| 25:27 | MelkorAJ · wall_segment Stone Wall x1 |
| 25:50 | Clearlove · age_up castle |
| 26:30 | MelkorAJ · wall_segment Stone Wall x1 |
| 26:30 | Clearlove · wall_segment Stone Wall x5 |
| 26:39 | Clearlove · wall_segment Stone Wall x1 |
| 26:40 | Clearlove · wall_segment Stone Wall x1 |
| 26:48 | Clearlove · first_building Monastery |
| 27:18 | MelkorAJ · first_building Siege Workshop |
| 27:19 | MelkorAJ · first_building Monastery |
| 28:29 | MelkorAJ · wall_segment Stone Wall x1 |
| 28:48 | MelkorAJ · wall_segment Palisade Wall x1 |
| 28:51 | Clearlove · first_market_buy 100 stone |
| 28:52 | Clearlove · first_market_sell 100 wood |
| 29:03 | Clearlove · first_building Castle |
| 35:29 | MelkorAJ · first_building Castle |
| 35:59 | MelkorAJ · wall_segment Palisade Wall x1 |
| 38:24 | Clearlove · first_building Siege Workshop |
| 39:24 | Clearlove · age_up imperial |
| 41:10 | MelkorAJ · resign |
[ AI ANALYSIS · 1 CREDIT ]
What really happened in this match?
Wolo.gg analyzes every decision: build order, eco, micro, common mistakes by bracket. Personalized analysis on WhatsApp or Discord in 30 seconds.
Civ guide
Armenians
Perfil
Jugador #7240746